 Dungeon Crawl Stone Soup version 0.28-a0-1594-ga885d4b3d6 (webtiles) character file.

Game seed: 12146498587518658823

34 psuckher the Changer (level 3, -2/24 HPs)
             Began as a Demonspawn Wanderer on Jan 20, 2022.
             Was a Follower of Makhleb.
             Frozen to death by an endoplasm (4 damage)
             ... on level 2 of the Dungeon.
             The game lasted 00:06:11 (1210 turns).

psuckher the Changer (Demonspawn Wanderer)          Turns: 1210, Time: 00:06:12

Health: -2/24      AC: 11    Str: 15    XL:     3   Next: 14%
Magic:  4/6        EV:  9    Int: 16    God:    Makhleb [*.....]
Gold:   58         SH:  0    Dex:  8    Spells: 5/6 levels left

rFire   . . .      SeeInvis .   a - +0 hand axe
rCold   . . .      Faith    .   (no shield)
rNeg    . . .      Spirit   .   b - +0 scale mail
rPois   .          Reflect  .   (helmet currently unavailable)
rElec   .          Harm     .   (no cloak)
rCorr   .          Rampage  .   d - +0 pair of gloves
Will    .....                   (boots currently unavailable)
Stlth   ..........              (no amulet)
HPRegen 0.08/turn               f - +4 ring of protection
MPRegen 0.10/turn               (no ring)

@: appendages, very slightly contaminated
A: horns 2, talons 2, powered by death 2
a: End Transformation, Renounce Religion


You were on level 2 of the Dungeon.
You worshipped Makhleb.
Makhleb was aware of your devotion.
You had temporarily grown beastly horns and talons.
You visited 1 branch of the dungeon, and saw 2 of its levels.

You collected 58 gold pieces.

Inventory:

Hand Weapons
 a - a +0 hand axe (weapon)
Armour
 b - a +0 scale mail (worn)
 d - a +0 pair of gloves (worn)
Jewellery
 f - a +4 ring of protection (left hand)
Scrolls
 e - a scroll of fear {unknown}
 g - a scroll of identify {unknown}
 h - a scroll of noise {unknown}
Potions
 c - a potion of lignification {unknown}


   Skills:
 + Level 2.0 Axes
 + Level 2.0 Armour
 + Level 0.2 Dodging
 + Level 2.1 Spellcasting
 + Level 4.2 Transmutations


You had 5 spell levels left.
You knew the following spells:

 Your Spells              Type           Power      Damage    Failure   Level
a - Beastly Appendage     Tmut           30%        N/A       14%         1

Your spell library contained the following spells:

 Spells                   Type           Power      Damage    Failure   Level
 Spider Form              Tmut/Pois      8%         N/A       69%         3
 Petrify                  Tmut/Erth      8%         N/A       97%         4


Dungeon Overview and Level Annotations

Branches:
Dungeon (2/15)

Altars:
Makhleb


Innate Abilities, Weirdness & Mutations

You have temporarily grown beastly horns and talons.
You regenerate health from kills.


Message History

You barely miss the kobold. The kobold hits you but does no damage.
You closely miss the kobold. The kobold hits you but does no damage.
You barely miss the kobold. The kobold hits you but does no damage.
You slash the kobold!
You kill the kobold!
Makhleb accepts your kill.
You see here a +0 whip.
Found a stone staircase leading down.
You see here a frilled lizard corpse.
Found 6 gold pieces.
Found a stone staircase leading down.
A worm comes into view.
Found 12 gold pieces.
An endoplasm comes into view.
Found 18 stones.
The worm bites you but does no damage.
You barely miss the worm. The worm bites you!
You hit the worm.
The worm is moderately wounded.
You barely miss the worm.
The worm is moderately wounded.
The worm bites you but does no damage.
Casting: Beastly Appendage (safe; 14% risk of failure)
Press: ? - help, Q - select action Dir - look around, f - activate You miscast Beastly Appendage.
You are very lightly contaminated with residual magic.
Nothing appears to happen.
The endoplasm hits you but does no damage.
The worm bites you.
Casting: Beastly Appendage (safe; 14% risk of failure)
Press: ? - help, Q - select action Dir - look around, f - activate You grow a pair of large bovine horns.
Your feet morph into talons.
The endoplasm hits you but does no damage.
You barely miss the worm. Your kick misses the worm.
The worm is lightly wounded.
You hit the endoplasm but do no damage. The endoplasm misses you.
The worm bites you!
* * * LOW HITPOINT WARNING * * *
The endoplasm freezes you.
You are frozen.
You die...

.. # #...# #.#
#.# #. ##.###
..# #..# #.###
##..# .## #..#
...###..## .
###...###.#.†)##
#.
#............##
..............##
...............#
......w@.......#
......J........#
..............>#
...............#
..............$#
.............>.#
#$....##.......#
###### (..##..


You could see a worm and an endoplasm.

Vanquished Creatures
  3 dart slugs (D:1)
  4 bats (D:1)
  An endoplasm (D:1)
  4 goblins (D:1)
  3 hobgoblins (D:1)
  A quokka (D:1)
  4 ball pythons (D:1)
  A frilled lizard (D:2)
  5 kobolds
  A rat (D:1)
27 creatures vanquished.

Notes
Turn   | Place    | Note
-------+----------+-------------------------------------------
     0 | D:1      | psuckher the Demonspawn Wanderer began the quest for the
                  | Orb.
     0 | D:1      | psuckher set off with the following items: a +0 hand axe, a
                  | +0 scale mail; and the following spell memorised: Beastly
                  | Appendage; and the following spells available to memorise:
                  | Spider Form, Petrify
     0 | D:1      | Reached XP level 1. HP: 13/13 MP: 3/3
   125 | D:1      | Reached skill level 4 in Transmutations
   125 | D:1      | Gained mutation: You regenerate a little health from kills.
                  | [demonic ancestry]
   125 | D:1      | Reached XP level 2. HP: 9/19 MP: 5/5
   680 | D:1      | Gained mutation: You regenerate health from kills. [demonic
                  | ancestry]
   680 | D:1      | Reached XP level 3. HP: 24/24 MP: 6/6
   946 | D:1      | Found a faded altar of an unknown god.
   953 | D:1      | Prayed at the altar of an unknown god.
   953 | D:1      | Became a worshipper of Makhleb the Destroyer
   953 | D:1      | Reached * piety under Makhleb
  1210 | D:2      | Frozen to death by an endoplasm

Illustrated notes

Levels and vault maps discovered:
D:1:      amcnicky_arrival_choice, layout_loops_corners,
          chequers_ecumenical_altar_grove
D:2:      layout_rooms, basic_altar, chequers_serial_rivers_micro_e,
          kennysheep_generic_room_5

Skill      XL: |  1  2  3 |
---------------+----------+-----
Transmutations | 4 |  4.2
Axes           | 2 |  2.0
Armour         | 2 |  2.0
Dodging        | |  0.2
Spellcasting   | |  2.1

Action                   || total
-------------------------++-------
Melee: Hand axe          ||    93
       Headbutt          ||     3
       Kick              ||     2
       Punch             ||     1
 Cast: Beastly Appendage ||     4
Armor: Scale mail        ||    76
Dodge: Dodged            ||    51

Table legend: (Time is in decaauts)
 A = Elapsed time spent in this place.
 B = Non-inter-level travel time spent in this place.
 C = Inter-level travel time spent in this place.
 D = Time resting spent in this place.
 E = Time spent auto-exploring this place.
 F = Levels seen in this place.
 G = Mean time per level.
                   A        B        C        D        E       F      G
               +--------+--------+--------+--------+--------+-----+--------+
         Total |   1228 |   1100 |    128 |      0 |      0 |   2 |  614.0 |
       Dungeon |   1228 |   1100 |    128 |      0 |      0 |   2 |  614.0 |
               +--------+--------+--------+--------+--------+-----+--------+

Top non-repeatable levels by time:
     D:1: 1166 daAuts
     D:2: 62 daAuts
